AoeStats
← Launger

Pilgrims

510135550Analyzed
4v4 RM · 4d ago on Sep 29, 2026· 28m 31s· 8 players
Game mode
Random Map
Map size
Large (8 player)
Population
200
Speed
Normal
Resources
Standard
Victory
Conquest
Starting age
Dark Age
Ending age
Imperial Age
RankedLock teamsTeams togetherTeam positionsShared explorationLock speedFull tech treeHidden civsTurbo modeCheats
Victory
Defeat
🇹🇷 Portuguese · Türkiye
1204
+14
🇵🇱 Vietnamese · Poland
1196
+14
🇩🇪 Italians · Germany
1166
+15
🇹🇷 Koreans · Türkiye
1164
+16
🇲🇽 Saxons · Mexico
1237
-17
🇨🇴 Vietnamese · Colombia
1180
-16
🇹🇼 Portuguese · Taiwan
1109
-13
🇩🇪 Turks · Germany
1101
-13
T.Mücke_63
12:59 Feudal Age
13:52 Fishing Lines
14:00 Fishing Lines
14:26 Loom
17:24 Castle Age
15:20 Double-Bit Axe
16:46 Stone Mining
16:48 Gold Mining
18:29 Bow Saw
18:45 Town Watch
18:58 Fletching
19:50 Bodkin Arrow
20:16 Gillnets
24:31 Wheelbarrow
25:14 Padded Archer Armor
The Uncle
11:13 Feudal Age
10:17 Loom
17:41 Horse Collar
19:11 Stone Mining
19:12 Gold Mining
21:24 Castle Age
23:58 Heavy Plow
23:53 Double-Bit Axe
26:57 Imperial Age
27:05 Imperial Age
26:18 Circumnavigation
Nuhro
8:22 Loom
12:11 Feudal Age
16:23 Castle Age
16:56 Double-Bit Axe
20:38 Wheelbarrow
21:05 Medium Warships
Launger
12:48 Feudal Age
11:05 Loom
15:58 Fletching
16:47 Padded Archer Armor
21:05 Castle Age
21:22 Stone Mining
21:22 Gold Mining
21:46 Bodkin Arrow
21:38 Crossbowman
23:01 Leather Archer Armor
bimurock
4:53 Loom
11:59 Feudal Age
13:26 Wheelbarrow
12:46 Fishing Lines
13:16 Fletching
19:47 Castle Age
18:15 Double-Bit Axe
19:00 Stone Mining
19:04 Gold Mining
20:19 Padded Archer Armor
20:41 Bodkin Arrow
21:00 Medium Warships
21:04 Gillnets
24:19 Bow Saw
25:06 Circumnavigation
26:23 Forging
26:56 Stone Shaft Mining
28:43 Hand Cart
Sir Swinag
11:25 Feudal Age
12:38 Double-Bit Axe
12:40 Fishing Lines
20:08 Castle Age
18:03 Horse Collar
ACI Ummagumma
9:24 Loom
13:36 Feudal Age
17:41 Castle Age
18:04 Double-Bit Axe
19:44 Crossbowman
ACI Granmini
5:02 Loom
15:09 Feudal Age
17:10 Double-Bit Axe
19:52 Forging
22:29 Castle Age
22:25 Gold Mining
24:51 Fletching
26:29 Bow Saw
Connection lost

Rejoining the realm…

Still unreachable

The connection could not be restored.

Session expired

The server has moved on; the page needs a fresh start.